 Seeded DCSS version 0.30-a0-626-gd6a5dd7a1f (webtiles) character file.

Game seed: 10617039283874685323 (custom seed)

6799 Juicyj the Basher (level 10, 0/91 HPs)
             Began as a Minotaur Fighter on Jan 11, 2023.
             Was an Initiate of Ashenzari.
             Slain by a two-headed ogre
             ... wielding a +0 giant club
              (22 damage)
             ... on level 9 of the Dungeon.
             The game lasted 00:12:29 (7699 turns).

Juicyj the Basher (Minotaur Fighter)                Turns: 7699, Time: 00:12:30

Health: 0/91       AC: 15    Str: 26    XL:     10   Next: 76%
Magic:  9/9        EV:  9    Int:  5    God:    Ashenzari [......]
Gold:   717        SH:  6    Dex: 15    Spells: 9/9 levels left

rFire   . . .      SeeInvis .    r - +2 demon trident (protect)
rCold   . . .      Faith    .    c - +0 buckler
rNeg    . . .      Spirit   .    b - +0 scale mail
rPois   +          Reflect  .    (helmet restricted)
rElec   .          Harm     .    (no cloak)
rCorr   .          Rampage  .    (no gloves)
Will    .....                    (no boots) Stlth
                                 G - amulet of regeneration
HPRegen 1.15/turn                k - ring of poison resistance
MPRegen 0.11/turn                m - +6 ring of strength

@: under a protective aura, very slow
A: horns 2, retaliatory headbutt
a: Renounce Religion


You were on level 9 of the Dungeon.
You worshipped Ashenzari.
Ashenzari was noncommittal.
You visited 2 branches of the dungeon, and saw 10 of its levels.

You collected 717 gold pieces.

Inventory:

Hand Weapons
 a - a +0 trident
 p - the +5 hammer "Suyxkin" {flame, Dex+4}
   (You found it on level 2 of the Dungeon)

   Dex:       It affects your dexterity (+4).
 r - a +2 demon trident of protection (weapon)
Armour
 b - a +0 scale mail (worn)
 c - a +0 buckler (worn)
Jewellery
 k - a ring of poison resistance (left hand)
 m - a +6 ring of strength (right hand)
 C - a ring of willpower
 F - a ring of ice
 G - an amulet of regeneration (around neck)
 H - a +6 ring of dexterity
 I - a +5 ring of evasion
Wands
 l - a wand of digging (6)
 o - a wand of iceblast (6)
 w - a wand of mindburst (11)
 y - a wand of charming (1)
 E - a wand of flame (9)
Scrolls
 f - 4 scrolls of fear
 g - 3 scrolls of teleportation
 i - a scroll of magic mapping
 j - 2 scrolls of blinking
 q - a scroll of enchant armour
 t - 3 scrolls of vulnerability
Potions
 d - a potion of might
 e - 2 potions of resistance {unknown}
 h - 5 potions of flight
 n - 2 potions of ambrosia {unknown}
 s - a potion of brilliance {unknown}
 u - 2 potions of attraction {unknown}
 v - 2 potions of curing {unknown}
 x - 4 potions of berserk rage {unknown}
 z - 4 potions of heal wounds {unknown}
 A - a potion of mutation {unknown}
 B - a potion of lignification {unknown}
 D - 2 potions of cancellation {unknown}


   Skills:
 + Level 9.1 Fighting
 - Level 9.8 Maces & Flails
 * Level 9.7 Polearms
 + Level 9.1 Armour
 + Level 9.0 Shields


You had 9 spell levels left.
You didn't know any spells.
Your spell library contained the following spells:

 Spells                   Type           Power      Damage    Failure   Level
 Beastly Appendage        Tmut           0%         N/A       80%         1
 Summon Small Mammal      Summ           0%         N/A       80%         1
 Cigotuvi's Dreadful Rot  Necr/Pois/Air  0%         N/A       90%         2
 Ensorcelled Hibernation  Hex/Ice        0%         N/A       90%         2
 Passwall                 Tmut/Erth      0%         N/A       90%         2
 Poisonous Vapours        Pois/Air       0%         N/A       90%         2
 Wereblood                Tmut           0%         N/A       90%         2
 Call Canine Familiar     Summ           0%         N/A       99%         3
 Mephitic Cloud           Conj/Pois/Air  0%         N/A       99%         3
 Ozocubu's Armour         Ice            0%         N/A       99%         3
 Spider Form              Tmut/Pois      0%         N/A       99%         3
 Summon Guardian Golem    Hex/Summ       0%         N/A       99%         3
 Swiftness                Air            0%         N/A       99%         3
 Anguish                  Hex/Necr       0%         N/A       100%        4
 Summon Ice Beast         Ice/Summ       0%         N/A       100%        4
 Summon Mana Viper        Hex/Summ       0%         N/A       100%        5
 Monstrous Menagerie      Summ           0%         N/A       100%        7
 Ozocubu's Refrigeration  Ice            0%         4d7       100%        7


Dungeon Overview and Level Annotations

Branches:
Dungeon (9/15)             Temple (1/1) D:7            Lair (0/5) D:9
    Orc: D:9-12

Altars:
Ashenzari
Dithmenos
Elyvilon
Fedhas
Hepliaklqana
Kikubaaqudgha
Nemelex Xobeh
Okawaru
Qazlal
Ru
Vehumet
Wu Jian
Yredelemnul
Zin

Shops:
D:8 [?**!


Innate Abilities, Weirdness & Mutations

You have a pair of horns on your head.
You reflexively headbutt those who attack you in melee.


Message History

Your unstable footing causes you to fumble your attack.
You block the howler monkey's attack.
The howler monkey hoots and howls with incredible vigour!
You hear an angry hiss.
You hear a bellow! x2
Your unstable footing causes you to fumble your attack.
The howler monkey hoots and howls with incredible vigour!
A two-headed ogre comes into view. It is wielding two +0 giant clubs.
You hear a bellow!
You hear a shout!
Your unstable footing causes you to fumble your attack.
A wyvern comes into view.
The howler monkey closely misses you.
You barely miss the howler monkey. The howler monkey barely misses you.
You furiously retaliate!
You headbutt the howler monkey.
The howler monkey hoots and howls with incredible vigour!
You block the howler monkey's attack.
You puncture the howler monkey!
Your weapon exudes an aura of protection.
You kill the howler monkey!
You puncture the howler monkey!
The howler monkey is severely wounded.
You puncture the howler monkey!
You kill the howler monkey!
Your unstable footing causes you to fumble your attack.
You block the wyvern's attack.
Your unstable footing causes you to fumble your attack.
The wyvern completely misses you. The wyvern barely misses you.
Your unstable footing causes you to fumble your attack.
The wyvern completely misses you.
Your unstable footing causes you to fumble your attack.
The two-headed ogre hits you with a +0 giant club!!
The two-headed ogre hits you with a +0 giant club!
The wyvern bites you!
You puncture the two-headed ogre!
You headbutt the two-headed ogre, but do no damage.
The two-headed ogre is moderately wounded.
The wyvern bites you!
The two-headed ogre hits you with a +0 giant club!
* * * LOW HITPOINT WARNING * * *
The two-headed ogre hits you with a +0 giant club!!
You die...

#..........# #.#.)
#..........# #.#<. #.
#####......# #.#)#
#.############......+
#.#..
.....~....††$.......#
#.###
..~.~~....†.[.......#
#....
..~~≈.~~.†~≈~.......#
#####
~~≈≈~~~≈~≈≈≈≈≈.....##
#...
≈~~~..~~~≈≈≈l@~....#
#...
≈≈..~..)~≈≈~O).....#
#...
≈~~...~))~~~~~.....#
#...
~≈..>..)...........#
#...
~≈~......~~~≈≈~......
#...
≈~.~~~≈≈~~~≈≈≈~....##
#...
~≈~~≈≈≈≈≈.~~≈~.[...#
#...
≈≈≈≈≈≈≈≈≈~.~.~...#.#
####
.≈≈≈≈≈≈≈≈~..~~≈..#..


You could see a two-headed ogre and a wyvern.

Vanquished Creatures
  A two-headed ogre (D:8)
  Maggie (D:7)
  Grinder (D:6)
  A troll (D:9)
  9 yaks
  A steam dragon (D:7)
  2 water moccasins (D:7)
  Duvessa (D:6)
  2 ice beasts
  A sky beast (D:7)
  2 orc warriors
  A black bear (D:7)
  A wolf (D:9)
  3 centaurs
  A phantom (D:5)
  2 kobold brigands
  A necrophage (D:5)
  6 bullfrogs
  A gnoll sergeant (D:8)
  2 scorpions
  Dowan (D:6)
  8 wights (D:7)
  7 killer bees
  4 howler monkeys
  10 hounds
  Crazy Yiuf (D:2)
  A gnoll bouda (D:6)
  An orc priest (D:6)
  A jelly (D:5)
  4 iguanas
  12 orc wizards
  12 gnolls
  10 adders
  4 white imps
  An ufetubus (D:5)
  A worm (D:2)
  A dart slug (D:4)
  27 orcs
  10 ball pythons
  3 endoplasms
  6 giant cockroaches
  9 goblins
  4 hobgoblins
  7 jackals
  2 quokkas (D:2)
  4 bats
  2 frilled lizards (D:1)
  16 kobolds
  6 rats
215 creatures vanquished.

Vanquished Creatures (collateral kills)
  A howler monkey (D:9)
1 creature vanquished.

Vanquished Creatures (others)
  An electric eel (D:9)
1 creature vanquished.

Grand Total: 217 creatures vanquished

Notes
Turn   | Place    | Note
-------+----------+-------------------------------------------
     0 | D:1      | Juicyj the Minotaur Fighter began the quest for the Orb.
     0 | D:1      | Reached XP level 1. HP: 19/19 MP: 0/0
    84 | D:1      | Reached XP level 2. HP: 27/27 MP: 1/1
   442 | D:1      | Reached skill level 1 in Maces & Flails
   443 | D:1      | Reached XP level 3. HP: 33/33 MP: 2/2
   686 | D:2      | Reached XP level 4. HP: 27/40 MP: 3/3
  1096 | D:2      | Found a runed translucent door.
  1096 | D:2      | Identified the +5 hammer "Suyxkin" {flame, Dex+4}
  1097 | D:2      | Noticed Crazy Yiuf
  1338 | D:2      | Killed Crazy Yiuf
  1339 | D:2      | Reached XP level 5. HP: 47/47 MP: 4/4
  2070 | D:4      | Reached XP level 6. HP: 53/53 MP: 5/5
  2290 | D:5      | Entered Level 5 of the Dungeon
  2441 | D:5      | Reached skill level 5 in Fighting
  2441 | D:5      | Reached skill level 5 in Armour
  2597 | D:5      | Reached skill level 5 in Shields
  2597 | D:5      | Reached XP level 7. HP: 53/61 MP: 6/6
  2722 | D:5      | Reached skill level 5 in Maces & Flails
  2877 | D:5      | Reached skill level 5 in Polearms
  3184 | D:5      | Reached XP level 8. HP: 18/70 MP: 7/7
  3868 | D:6      | Noticed Dowan
  3869 | D:6      | Noticed Duvessa
  3884 | D:6      | Killed Duvessa
  3886 | D:6      | Killed Dowan
  4337 | D:6      | Noticed Grinder
  4346 | D:6      | Paralysed by Grinder for 4 turns
  4350 | D:6      | Killed Grinder
  4696 | D:7      | Reached XP level 9. HP: 60/77 MP: 8/8
  5322 | D:7      | Noticed Maggie
  5339 | D:7      | Killed Maggie
  5968 | D:7      | Found a stormy altar of Qazlal.
  6169 | D:7      | Found a staircase to the Ecumenical Temple.
  6263 | D:7      | Found a glowing silver altar of Zin.
  6441 | Temple   | Entered the Ecumenical Temple
  6467 | Temple   | Became a worshipper of Ashenzari the Shackled
  6507 | D:8      | Found Nattux's Magic Scroll Shoppe.
  6518 | D:8      | Identified 2 scrolls of acquirement
  6519 | D:8      | Acquired 326 gold pieces
  6521 | D:8      | Acquired a +2 vampiric demon trident
  6536 | D:8      | Reached XP level 10. HP: 88/88 MP: 9/9
  7150 | D:8      | Found Nofuus's General Store.
  7199 | D:8      | Found Xanenim's Distillery.
  7202 | D:8      | Noticed a two-headed ogre
  7213 | D:8      | Killed a two-headed ogre
  7409 | D:8      | Found Cepnuwum's General Store.
  7479 | D:8      | Found Tur Zial's Armour Shop.
  7594 | D:9      | Found a staircase to the Lair.
  7689 | D:9      | Noticed a two-headed ogre
  7699 | D:9      | Slain by a two-headed ogre

Illustrated notes

Levels and vault maps discovered:
D:1:      lightli_arrival_maybe_door_vault, layout_loops_cross
D:2:      minmay_diamond_boxcup, layout_basic, uniq_crazy_yiuf_cottage
D:3:      layout_rooms
D:4:      layout_loops_ring
D:5:      minmay_chambers_of_fours, layout_loops_ring
D:6:      layout_loops_cross, minivault_25, uniq_duvessa, uniq_grinder
D:7:      layout_basic, mainiacjoe_overflow_big_doors, temple_hall,
          minmay_quadrilaterals, uniq_maggie
D:8:      layout_rooms, serial_shops, nicolae_stop_n_shop_2,
          nicolae_lakefront_shop, shop, shop, nicolae_stop_n_shop_1
D:9:      layout_basic, xom_shifter_show, erik_lair_island
Temple:   hellmonk_temple_of_storms

Skill      XL: |  1  2  3  4  5  6  7  8  9 10 |
---------------+-------------------------------+-----
Armour         | 4 5 6 8 9 |  9.1
Polearms       | 3 4 5 6 7 9 |  9.7
Fighting       | 4 5 6 8 9 |  9.1
Maces & Flails | 1 2 3 4 6 8 9 |  9.8
Shields        | 4 5 6 7 9 |  9.0

Action                   |  1- 3 |  4- 6 |  7- 9 | 10-12 || total
-------------------------+-------+-------+-------+-------++-------
Melee: Trident           |    81 |    27 |       |       ||   108
       Headbutt          |     8 |    13 |    36 |    21 ||    78
       Mace              |       |    78 |   206 |       ||   284
       Demon trident     |       |       |     3 |   155 ||   158
Evoke: Wand              |       |       |       |     2 ||     2
  Use: Scroll            |       |       |    10 |     4 ||    14
 Stab: Distracted        |       |       |     1 |       ||     1
Armor: Scale mail        |    28 |    39 |    73 |    83 ||   223
Dodge: Dodged            |    36 |    31 |    76 |    57 ||   200
Block: Buckler           |    14 |    22 |    58 |    54 ||   148

Table legend: (Time is in decaauts)
 A = Elapsed time spent in this place.
 B = Non-inter-level travel time spent in this place.
 C = Inter-level travel time spent in this place.
 D = Time resting spent in this place.
 E = Time spent auto-exploring this place.
 F = Levels seen in this place.
 G = Mean time per level.
                   A        B        C        D        E       F      G
               +--------+--------+--------+--------+--------+-----+--------+
         Total |   7740 |   7467 |    273 |   1322 |   4853 |  10 |  774.0 |
       Dungeon |   7695 |   7438 |    257 |   1322 |   4853 |   9 |  855.0 |
        Temple |     44 |     28 |     16 |      0 |      0 |   1 |   44.0 |
               +--------+--------+--------+--------+--------+-----+--------+

Top non-repeatable levels by time:
     D:7: 1781 daAuts
     D:5: 1292 daAuts
     D:6: 1115 daAuts
     D:2: 726 daAuts
     D:8: 662 daAuts
     D:1: 662 daAuts
     D:4: 628 daAuts
     D:9: 520 daAuts
     D:3: 306 daAuts
  Temple: 44 daAuts
